 Dungeon Crawl Stone Soup version 0.32-a0-868-g153ae1a8d6 (webtiles) character file.

Game seed: 228572637974269917

636 jasper the Magician (level 7, -2/52 HPs)
             Began as a Mummy Earth Elementalist on Mar 29, 2024.
             Killed from afar by Sigmund (7 damage)
             ... with a magic dart
             ... on level 5 of the Dungeon.
             The game lasted 00:06:10 (4036 turns).

jasper the Magician (Mummy Earth Elementalist)      Turns: 4036, Time: 00:06:10

Health: -2/52      AC:  4    Str: 12    XL:     7   Next: 25%
Magic:  9/15       EV: 11    Int: 16    God:
Gold:   212        SH:  0    Dex: 12    Spells: 10/17 levels left

rFire   x . .        e - +0 short sword
rCold   + + .        (no shield)
rNeg    + + +        a - +0 robe
rPois   ∞            (no helmet)
rElec   .            (no cloak)
rCorr   .            n - +1 pair of gloves
SInv    .            (no boots)
Will    .....        (no amulet)
Stlth   ++           f - +4 ring of slaying
HPRegen 0.28/turn    p - ring of protection from cold
MPRegen 0.14/turn

%: faith
@: no status effects
A: cold resistance 1, negative energy resistance 3, torment resistance 2, heat
vulnerability 1, in touch with death 1, no potions, faith
a: no special abilities


You were on level 5 of the Dungeon.
You visited 1 branch of the dungeon, and saw 5 of its levels.

You collected 264 gold pieces.
You spent 52 gold pieces at shops.

Inventory:

Hand Weapons
 b - a +0 club
 e - a +0 short sword (weapon)
Missiles
 h - 8 poisoned darts
Armour
 a - a +0 robe (worn)
 k - a +0 pair of gloves
 n - a +1 pair of gloves (worn)
Jewellery
 f - a +4 ring of slaying (left hand)
 p - a ring of protection from cold (right hand)
Wands
 i - a wand of iceblast (7)
Scrolls
 c - a scroll of poison {unknown}
 d - a scroll of fog
 g - a scroll of fear
 j - 2 scrolls of identify
 l - a scroll of blinking {unknown}
 m - 3 scrolls of enchant armour {unknown}
 o - a scroll of vulnerability {unknown}
 q - 5 scrolls of teleportation {unknown}
 r - a scroll of noise {unknown}


   Skills:
 + Level 3.2 Fighting
 - Level 1.5 Dodging
 - Level 1.5 Stealth
 + Level 5.7 Spellcasting
 - Level 0.7 Conjurations
 * Level 5.2 Earth Magic


You had 10 spell levels left.
You knew the following spells:

 Your Spells              Type           Power      Damage    Failure   Level
a - Sandblast             Erth           42%        2d11      1%          1
b - Passwall              Erth           21%        N/A       4%          3
c - Stone Arrow           Conj/Erth      28%        3d8       12%         3

Your spell library contained the following spells:

 Spells                   Type           Power      Damage    Failure   Level
 Lesser Beckoning         Tloc           8%         N/A       22%         2
 Teleport Other           Tloc           4%         N/A       38%         3
 Brom's Barrelling Bould  Conj/Erth      14%        2d4       38%         4
 Petrify                  Alch/Erth      13%        N/A       43%         4
 Maxwell's Portable Pile  Tloc           4%         2d(6-11)  80%         4


Dungeon Overview and Level Annotations

Branches:
Dungeon (5/15)
 Temple: D:4-7

Altars:

Shops:
D:1 *

Portals:
Abyss: D:4

Annotations:
D:4 2 transporters, DeathSocks's ghost, amateur VSBr
D:5 Sigmund


Innate Abilities, Weirdness & Mutations

You are immune to poison.
Your flesh is cold resistant. (rC+)
You are immune to negative energy. (rN+++)
You are immune to unholy pain and torment.
You are vulnerable to heat. (rF-)
You are in touch with the powers of death.
You do not drink.
You have a special connection with the divine. (Faith)


Message History

You're too confused to cast spells.
You're too confused to cast spells.
Your magical contamination has completely faded away.
Sigmund points at you and mumbles some strange words.
The puff of flame hits you. The fire burns you terribly!
You take 3 damage, and have 42/52 hp.
Sigmund gestures wildly while chanting.
Sigmund flickers and vanishes!
Deactivating autopickup; reactivate with Ctrl-A.
Something hits you.
You take 6 damage, and have 36/52 hp.
Something hits you but does no damage.
You feel less confused. Something hits you!
You take 10 damage, and have 27/52 hp.
You closely miss something. Something hits you!
You take 11 damage, and have 16/52 hp.
MASSIVE DAMAGE!!
Casting: Sandblast (safe; 1% risk of failure)
Confirm with . or Enter, or press ? or * to list all spells.
Aiming: Sandblast (safe; 1% risk of failure)
Press: ? - help, Shift-Dir - straight line Something hits you!
* * * LOW HITPOINT WARNING * * *
You take 7 damage, and have 9/52 hp.
You now have 10/15 mp.
Casting: Sandblast (safe; 1% risk of failure)
Confirm with . or Enter, or press ? or * to list all spells.
Aiming: Sandblast (safe; 1% risk of failure)
Press: ? - help, Shift-Dir - straight line Something hits you.
* * * LOW HITPOINT WARNING * * *
You take 5 damage, and have 4/52 hp.
You now have 9/15 mp.
Casting: Sandblast (safe; 1% risk of failure)
Confirm with . or Enter, or press ? or * to list all spells.
Aiming: Sandblast (safe; 1% risk of failure)
Press: ? - help, Shift-Dir - straight line The blast of sand hits something but does no damage.
You hear some strange, mumbled words.
A magic dart appears from out of thin air!
The magic dart hits you!
You die...

.......... ##.........
.#.......# '.......# #.
#.......# #. #.......# #..
##.......# ###.. #{@....#
#.....#......#
#.....#......+
#.....'......#
#######......#+#####
..........(..........
.......................
............................
...............>............


There were no monsters in sight!

Vanquished Creatures
  An ice beast (D:4)
  An ogre (D:5)
  2 phantoms
  A scorpion (D:4)
  A jelly (D:4)
  3 iguanas
  4 gnolls (D:4)
  An adder (D:2)
  A white imp (D:5)
  4 ribbon worms (D:3)
  2 dart slugs (D:4)
  7 ball pythons
  4 bats
  10 endoplasms
  2 giant cockroaches
  2 goblins
  10 hobgoblins
  11 jackals
  2 quokkas
  A frilled lizard (D:2)
  3 kobolds
  7 rats
80 creatures vanquished.

Notes
Turn   | Place    | Note
-------+----------+-------------------------------------------
     0 | D:1      | jasper the Mummy Earth Elementalist began the quest for the
                  | Orb.
     0 | D:1      | Reached XP level 1. HP: 13/13 MP: 4/4
   251 | D:1      | Reached XP level 2. HP: 15/19 MP: 0/6
   659 | D:1      | Found Muginar's General Store.
   665 | D:1      | Bought a scroll of fear for 52 gold pieces
  1081 | D:2      | Reached XP level 3. HP: 24/24 MP: 4/8
  1085 | D:2      | Learned a level 3 spell: Passwall
  1089 | D:2      | Learned a level 3 spell: Stone Arrow
  2111 | D:3      | Reached XP level 4. HP: 31/31 MP: 7/10
  2118 | D:3      | Noticed a phantom
  2126 | D:3      | Killed a phantom
  2127 | D:3      | Reached skill level 1 in Fighting
  2127 | D:3      | Reached XP level 5. HP: 25/37 MP: 0/11
  2891 | D:4      | Reached XP level 6. HP: 44/44 MP: 6/13
  3015 | D:4      | Reached skill level 5 in Spellcasting
  3081 | D:5      | Entered Level 5 of the Dungeon
  3266 | D:4      | Found a one-way gate to the infinite horrors of the Abyss.
  3266 | D:4      | Noticed DeathSocks's ghost (amateur VSBr)
  3377 | D:4      | Found a transporter.
  3377 | D:4      | Found a transporter.
  3379 | D:4      | Noticed a small abomination
  3844 | D:5      | Reached skill level 5 in Earth Magic
  3844 | D:5      | Reached XP level 7. HP: 45/52 MP: 10/15
  4014 | D:5      | Noticed Sigmund
  4036 | D:5      | Killed from afar by Sigmund

Illustrated notes

Levels and vault maps discovered:
D:1:      tarquinn_simple_flora_water_e, layout_loops_ring, serial_shops,
          nicolae_shop_competitors_out_of_business
D:2:      minmay_wonky_spiral, layout_rooms, dk_vineyard_3, nicolae_the_louvre
D:3:      layout_loops_cross
D:4:      layout_rooms, gammafunk_ghost_abyssal_escape
D:5:      layout_gridville, uniq_sigmund, uniq_crazy_yiuf_cottage

Skill      XL: |  1  2  3  4  5  6 |
---------------+-------------------+-----
Spellcasting   | 3 4 5 |  5.7
Earth Magic    | 3 4 5 |  5.2
Fighting       | 1 2 3 |  3.2
Dodging        | |  1.5
Stealth        | |  1.5
Conjurations   | |  0.7

Action                     |  1- 3 |  4- 6 |  7- 9 || total
---------------------------+-------+-------+-------++-------
  Melee: Unarmed           |     7 |       |       ||     7
         Short sword       |     1 |     6 |     1 ||     8
   Cast: Sandblast         |    71 |    83 |    18 ||   172
    Use: Scroll            |     1 |     1 |       ||     2
 Armour: Robe              |    31 |    44 |    15 ||    90
  Dodge: Dodged            |    30 |    30 |     9 ||    69

Table legend: (Time is in decaauts)
 A = Elapsed time spent in this place.
 B = Non-inter-level travel time spent in this place.
 C = Inter-level travel time spent in this place.
 D = Time resting spent in this place.
 E = Time spent auto-exploring this place.
 F = Levels seen in this place.
 G = Mean time per level.
                   A        B        C        D        E       F      G
               +--------+--------+--------+--------+--------+-----+--------+
         Total |   4121 |   4001 |    120 |    738 |   2573 |   5 |  824.2 |
       Dungeon |   4121 |   4001 |    120 |    738 |   2573 |   5 |  824.2 |
               +--------+--------+--------+--------+--------+-----+--------+

Top non-repeatable levels by time:
     D:3: 1109 daAuts
     D:1: 928 daAuts
     D:4: 811 daAuts
     D:2: 736 daAuts
     D:5: 536 daAuts
